 Dungeon Crawl Stone Soup version 0.20.1-1-g8b1a95d (webtiles) character file.

230 vishdafish the Grave Robber (level 5, 0/35 HPs)
             Began as a Demonspawn Necromancer on July 3, 2017.
             Was a Follower of Qazlal.
             Slain by a sky beast (6 damage)
             ... on level 4 of the Dungeon.
             The game lasted 00:10:05 (4371 turns).

vishdafish the Grave Robber (DsNe)                  Turns: 4371, Time: 00:10:06

Health: 0/35       AC:  2    Str: 11    XL:     5   Next: 72%
Magic:  5/9        EV: 13    Int: 18    God:    Qazlal [*.....]
Gold:   74         SH:  7    Dex: 13    Spells: 3/10 levels left

rFire    + . .     SeeInvis .   (no weapon)
rCold    . . .     Gourm    .   (no shield)
rNeg     . . .     Faith    .   a - +0 robe
rPois    .         Spirit   .   (no helmet)
rElec    .         Reflect  +   (no cloak)
rCorr    .         Harm     .   (no gloves)
MR       .....                  (no boots)
Stlth    ++........             l - +5 amulet of reflection
Regen    0.2/turn               k - +3 ring of strength
MPRegen  0.2/turn               (no ring)

@: no status effects
A: fire resistance 1, spiny 1, flame cloud immunity
a: Renounce Religion


You were on level 4 of the Dungeon.
You worshipped Qazlal.
Qazlal was aware of your devotion.
You were hungry.

You visited 1 branch of the dungeon, and saw 4 of its levels.

You collected 134 gold pieces.
You spent 60 gold pieces at shops.

Inventory:

Armour
 a - a +0 robe (worn)
Jewellery
 k - a +3 ring of strength (left hand)
 l - a +5 amulet of reflection (around neck)
Wands
 d - a wand of lightning (9/15)
Scrolls
 e - 3 scrolls of remove curse {unknown}
 j - a scroll of teleportation {unknown}
 n - a scroll of enchant armour {unknown}
 o - a scroll of identify {unknown}
 p - 2 scrolls of immolation {unknown}
 r - a scroll of random uselessness {unknown}
 s - a scroll of recharging {unknown}
Potions
 h - a potion of brilliance
 i - 2 potions of heal wounds
 m - 2 potions of might
 q - a potion of cancellation {unknown}
 t - a potion of flight {unknown}
Books
 b - a book of Necromancy

   Spells                             Type                      Level
   a - Pain                           Necromancy                   1
   b - Animate Skeleton               Necromancy                   1
   c - Vampiric Draining              Necromancy                   3
   d - Regeneration                   Charms/Necromancy            3
   e - Animate Dead                   Necromancy                   4
   f - Control Undead                 Necromancy                   4
Comestibles
 c - 2 bread rations
 f - a royal jelly
 g - 2 fruits


   Skills:
 + Level 3.1 Dodging
 - Level 1.7 Stealth
 + Level 3.0 Spellcasting
 * Level 6.4 Necromancy


You had 3 spell levels left.
You knew the following spells:

 Your Spells              Type           Power        Failure   Level  Hunger
a - Pain                  Necr           ####         1%          1    None
b - Vampiric Draining     Necr           ####......   3%          3    ###....
c - Regeneration          Chrm/Necr      ##........   13%         3    ###....


Dungeon Overview and Level Annotations

Branches:
Dungeon (4/15)
 Temple: D:4-7

Altars:
Qazlal
Trog

Shops:
D:4 !


Innate Abilities, Weirdness & Mutations

Your flesh is heat resistant. (rF+)
You are partially covered in sharp spines.
You are immune to clouds of flame.


Message History

Casting: Pain
Confirm with . or Enter, or press ? or * to list all spells.
Aiming: Pain
Press: ? - help, Shift-Dir - straight line, f/p - sky beast
Aim: a sky beast (chance to defeat MR: 84%)
The sky beast barely resists.
The sky beast flickers out of sight!
Deactivating autopickup; reactivate with Ctrl-A.
Something hits you. Something shocks you.
Casting: Pain
Confirm with . or Enter, or press ? or * to list all spells.
Aiming: Pain
Press: ? - help, Shift-Dir - straight line, f - you
Okay, then.
You miss something. You block something's attack.
You hit something. Something hits you. Something shocks you.
* * * LOW HITPOINT WARNING * * *
Something hits you.
* * * LOW HITPOINT WARNING * * *
Something shocks you.
You die...

#......# .#
#......# .#
#......# .#
#......# .+
#....†.# .#
#....†.###'##
#......§....#
.#######.....#
.......#.@...#
.......'.§...#
.......#.....#
##########.....#
#...<..........#
#..............+
#..............#
#.........##+###
#.........#


There were no monsters in sight!

Vanquished Creatures
  A scorpion (D:4)
  An orc priest (D:3)
  An iguana (D:4)
  4 adders
  An ooze (D:1)
  4 worms
  A dart slug (D:1)
  3 orcs (D:3)
  A giant cockroach (D:3)
  7 goblins
  6 hobgoblins
  5 jackals
  A quokka (D:2)
  6 ball pythons
  7 bats
  4 frilled lizards
  15 kobolds
  11 rats
79 creatures vanquished.

Vanquished Creatures (others)
  A plant (D:1)
1 creature vanquished.

Grand Total: 80 creatures vanquished

Notes
Turn   | Place    | Note
-------+----------+-------------------------------------------
     0 | D:1      | vishdafish the Demonspawn Necromancer began the quest for the Orb.
     0 | D:1      | Reached XP level 1. HP: 13/13 MP: 3/3
   159 | D:1      | Gained mutation: You are partially covered in sharp spines. [demonic ancestry]
   159 | D:1      | Reached XP level 2. HP: 15/19 MP: 0/5
  1048 | D:1      | Reached skill level 5 in Necromancy
  1111 | D:1      | Gained mutation: Your flesh is heat resistant. (rF+) [demonic ancestry]
  1111 | D:1      | Reached XP level 3. HP: 7/24 MP: 3/6
  1992 | D:2      | Learned a level 3 spell: Vampiric Draining
  2718 | D:2      | Reached XP level 4. HP: 24/30 MP: 7/7
  3176 | D:3      | Found a faded altar of an unknown god.
  3203 | D:3      | Became a worshipper of Qazlal Stormbringer
  3203 | D:3      | Reached * piety under Qazlal
  3823 | D:3      | Found a bloodstained altar of Trog.
  3903 | D:3      | Reached skill level 6 in Necromancy
  3903 | D:3      | Gained mutation: You are immune to clouds of flame. [demonic ancestry]
  3903 | D:3      | Reached XP level 5. HP: 24/35 MP: 9/9
  3935 | D:3      | HP: 1/35 [poisoned by an adder]
  4252 | D:4      | Found Eskudaabi's Distillery.
  4258 | D:4      | Bought a potion of heal wounds for 60 gold pieces
  4333 | D:4      | Learned a level 3 spell: Regeneration
  4365 | D:4      | Noticed a sky beast
  4371 | D:4      | Slain by a sky beast

Skill      XL: |  1  2  3  4  5 |
---------------+----------------+-----
Dodging        | 2 3 |  3.1
Necromancy     | 5 6 |  6.4
Spellcasting   | 3 |  3.0
Stealth        | |  1.7

Action                   |  1- 3 |  4- 6 || total
-------------------------+-------+-------++-------
Melee: Unarmed           |   148 |   110 ||   258
 Cast: Pain              |    37 |    32 ||    69
       Vampiric Draining |     1 |       ||     1
  Use: Potion            |       |     5 ||     5
 Stab: Sleeping          |     4 |     1 ||     5
  Eat: Chunk             |     6 |       ||     6
       Meat ration       |       |     1 ||     1
Armor: Robe              |    18 |     5 ||    23
Dodge: Dodged            |    70 |    51 ||   121
Block: Other             |     4 |    32 ||    36
